 Dungeon Crawl Stone Soup version 0.31-a0-1074-g0b22e4e0f1 (webtiles) character file.

Game seed: 5406421982073268326

28 nucleargodhead the Sneak (level 2, -1/13 HPs)
             Began as a Spriggan Enchanter on Nov 26, 2023.
             Slain by a hobgoblin (3 damage)
             ... on level 1 of the Dungeon.
             The game lasted 00:03:27 (1026 turns).

nucleargodhead the Sneak (Spriggan Enchanter)       Turns: 1026, Time: 00:03:28

Health: -1/13      AC:  2    Str:  4    XL:     2   Next: 96%
Magic:  7/7        EV: 17    Int: 16    God:
Gold:   191        SH:  0    Dex: 15    Spells: 6/8 levels left

rFire   . . .        a - +1 dagger
rCold   . . .        (no shield)
rNeg    . . .        b - +0 robe
rPois   .            (helmet restricted)
rElec   .            (no cloak)
rCorr   .            (gloves unavailable)
SInv    +            (boots unavailable)
Will    .....        (no amulet)
Stlth   +++          (no ring)
HPRegen 0.22/turn    (no ring)
MPRegen 0.10/turn

%: no passive effects
@: very quick
A: very small, no large weapons, unfitting armour, see invisible, speed 3
a: no special abilities


You were on level 1 of the Dungeon.
You visited 1 branch of the dungeon, and saw 2 of its levels.

You collected 191 gold pieces.

Inventory:

Hand Weapons
 a - a +1 dagger (weapon)
Armour
 b - a +0 robe (worn)
Scrolls
 e - 3 scrolls of teleportation {unknown}
 f - 2 scrolls of enchant armour {unknown}
 g - a scroll of acquirement {unknown}
Potions
 c - 2 potions of invisibility
 d - a potion of lignification {unknown}


   Skills:
 - Level 1.1 Short Blades
 - Level 2.6 Dodging
 - Level 4.4 Stealth
 + Level 3.6 Spellcasting
 + Level 4.4 Hexes


You had 6 spell levels left.
You knew the following spells:

 Your Spells              Type           Power      Damage    Failure   Level
a - Ensorcelled Hibernat  Hex/Ice        18%        N/A       11%         2

Your spell library contained the following spells:

 Spells                   Type           Power      Damage    Failure   Level
 Confusing Touch          Hex            17%        N/A       9%          3
 Tukima's Dance           Hex            17%        N/A       9%          3
 Magic Dart               Conj           8%         1d3       19%         1
 Dazzling Flash           Conj/Hex       18%        N/A       22%         3
 Call Imp                 Summ           4%         N/A       26%         2
 Lesser Beckoning         Tloc           4%         N/A       26%         2
 Static Discharge         Conj/Air       4%         3-4/arc   26%         2
 Sublimation of Blood     Necr           2%         N/A       26%         2
 Wereblood                Tmut           2%         N/A       26%         2
 Gell's Gravitas          Tloc           2%         N/A       47%         3
 Mephitic Cloud           Conj/Pois/Air  2%         N/A       47%         3
 Teleport Other           Tloc           2%         N/A       47%         3
 Airstrike                Air            1%         2d(1-17)  87%         4
 Summon Lightning Spire   Summ/Air       2%         N/A       87%         4
 Summon Hydra             Summ           1%         N/A       100%        7


Dungeon Overview and Level Annotations

Branches:
Dungeon (2/15)

Altars:

Shops:
D:1 :[[


Innate Abilities, Weirdness & Mutations

You are very small and have problems with some larger weapons.
You are too small for most types of armour.
You have supernaturally acute eyesight. (SInv)
You cover ground extremely quickly. (Speed+++)


Message History

The hobgoblin is severely wounded.
The hobgoblin barely misses you.
You closely miss the hobgoblin.
The hobgoblin is severely wounded.
The hobgoblin misses you.
You hit the hobgoblin.
You kill the hobgoblin!
No target in view!
There is an open door here.
Key pressed, stopping explore.
You see here a +0 dagger.
You see here a +0 dagger.
Key pressed, stopping explore.
Done exploring.
Done exploring.
No target in view!
Done exploring.
There is an entrance to Runiwua's Antique Armour Emporium here.
There is a stone staircase leading down here.
You climb downwards.
The worm barely misses you. The hobgoblin barely misses you.
There is a stone staircase leading up here.
You hit the hobgoblin but do no damage. The hobgoblin completely misses you.
The worm barely misses you.
You closely miss the hobgoblin. The hobgoblin closely misses you.
You hit the adder but do no damage. The adder completely misses you.
The worm completely misses you. The hobgoblin barely misses you.
The adder completely misses you. The hobgoblin misses you.
You climb upwards.
There is a stone staircase leading down here.
You hit the hobgoblin but do no damage. The worm bites you!
Ouch! That really hurt!
You hit the hobgoblin.
The hobgoblin is lightly wounded.
The hobgoblin hits you.
* * * LOW HITPOINT WARNING * * *
You closely miss the hobgoblin.
The hobgoblin is lightly wounded.
The hobgoblin hits you.
You die...

....#.##.#.# #.#........#.#
.#...#..#..# #.#........#.#
>#..#.##.#.# #.##......##.#
....#.##.#.####..#......#..#
###..#..#....##..##..).##..#
#.#.##.#....##..#....#..##
#............##........##
###..##..)#..####......#
##.####.∩..g@wS.###### #.#
#..######## #.# #.## #.# #.#
#.####.# #......# ########


You could see a worm, an adder and a hobgoblin.

Vanquished Creatures
  A dart slug (D:1)
  3 ball pythons (D:1)
  3 bats (D:1)
  An endoplasm (D:1)
  A giant cockroach (D:1)
  4 goblins (D:1)
  3 hobgoblins (D:1)
  A quokka (D:1)
  3 frilled lizards (D:1)
  A kobold (D:1)
  2 rats (D:1)
23 creatures vanquished.

Notes
Turn   | Place    | Note
-------+----------+-------------------------------------------
     0 | D:1      | nucleargodhead the Spriggan Enchanter began the quest for
                  | the Orb.
     0 | D:1      | Reached XP level 1. HP: 9/9 MP: 5/5
     2 | D:1      | Noticed an armataur
     2 | D:1      | Noticed a demigod
     4 | D:1      | Noticed a meteoran
     6 | D:1      | Noticed an octopode
     6 | D:1      | Noticed a draconian
     8 | D:1      | Noticed a ghoul
     8 | D:1      | Noticed a spriggan
    10 | D:1      | Noticed a tengu
    10 | D:1      | Noticed a naga
    12 | D:1      | Noticed an ogre
    14 | D:1      | Noticed a formicid
    14 | D:1      | Noticed a merfolk
    16 | D:1      | Noticed a troll
    16 | D:1      | Noticed an elf
    18 | D:1      | Noticed a minotaur
    18 | D:1      | Noticed a vine stalker
    20 | D:1      | Noticed a vampire
    22 | D:1      | Noticed a felid
    22 | D:1      | Noticed a gargoyle
    24 | D:1      | Noticed a demonspawn
    24 | D:1      | Noticed an elf
    26 | D:1      | Noticed an elf
    38 | D:1      | Found Runiwua's Antique Armour Emporium.
    39 | D:1      | You fall into a shaft and drop 1 floor!
    56 | D:1      | Found Buthoad's Antique Armour Shoppe.
   197 | D:1      | Reached XP level 2. HP: 13/13 MP: 7/7
   200 | D:1      | Learned a level 2 spell: Ensorcelled Hibernation
   723 | D:1      | Found Ifacuene's Book Shoppe.
  1026 | D:1      | Slain by a hobgoblin

Illustrated notes

Levels and vault maps discovered:
D:1:      kb_arrival_jail, layout_basic, serial_shops,
          nicolae_shop_advertising_works [nicolae_subvault_shop_adworks],
          shop_coins, shop, minmay_misc_feat_iff, columned_hall_lemuel,
          minmay_small_reverse_x
D:2:      layout_loops_ring, uniq_crazy_yiuf_cottage

Skill      XL: |  1 |
---------------+----+-----
Spellcasting   | 3 |  3.6
Hexes          | 4 |  4.4
Short Blades   | |  1.1
Dodging        | |  2.6
Stealth        | |  4.4

Action                     || total
---------------------------++-------
  Melee: Dagger            ||    88
   Cast: Ensorcelled Hiber ||     5
   Stab: Sleeping          ||     6
 Armour: Robe              ||    26
  Dodge: Dodged            ||    82

Table legend: (Time is in decaauts)
 A = Elapsed time spent in this place.
 B = Non-inter-level travel time spent in this place.
 C = Inter-level travel time spent in this place.
 D = Time resting spent in this place.
 E = Time spent auto-exploring this place.
 F = Levels seen in this place.
 G = Mean time per level.
                   A        B        C        D        E       F      G
               +--------+--------+--------+--------+--------+-----+--------+
         Total |    697 |    679 |     18 |     40 |    430 |   2 |  348.5 |
       Dungeon |    697 |    679 |     18 |     40 |    430 |   2 |  348.5 |
               +--------+--------+--------+--------+--------+-----+--------+

Top non-repeatable levels by time:
     D:1: 681 daAuts
     D:2: 16 daAuts
